 Dungeon Crawl Stone Soup version 0.24.1-8-ga250c9d538 (webtiles) character file.

Game seed: 8956475201673301044, levelgen mode: deterministic

5878 Atelerd the Destroyer (level 10, -2/60 HPs)
             Began as an Octopode Wizard on May 2, 2020.
             Was a Priest of Sif Muna.
             Slain by an iguana (5 damage)
             ... while petrified by a basilisk
             ... on level 9 of the Dungeon on May 3, 2020.
             The game lasted 00:48:44 (13986 turns).

Atelerd the Destroyer (Octopode Wizard)            Turns: 13986, Time: 00:48:45

Health: -2/60      AC:  1    Str:  6    XL:     10   Next: 81%
Magic:  23/23      EV:  2    Int: 24    God:    Sif Muna [***...]
Gold:   297        SH:  0    Dex: 17    Spells: 18/27 levels left

rFire    . . .     SeeInvis .   z - +7 flail (protect)
rCold    . . .     Gourm    .   (no shield)
rNeg     + + +     Faith    .   a - +0 hat
rPois    ∞         Spirit   .   (no amulet)
rElec    .         Reflect  .   d - ring of attention (curse)
rCorr    .         Harm     .   f - +3 ring of dexterity
MR       .....                  y - +3 ring of dexterity
Stlth    ++++......             G - ring of stealth
HPRegen  0.20/turn              (no ring)
MPRegen  0.18/turn              (no ring)
                                (no ring)
                                (no ring)

@: petrified
A: almost no armour, stealthy swim, amphibious, 8 rings, constrict 8, camouflage
1, gelatinous body 1
a: Channel Magic, Forget Spell, Renounce Religion


You were on level 9 of the Dungeon.
You worshipped Sif Muna.
Sif Muna was most pleased with you.
You were very hungry.

You visited 2 branches of the dungeon, and saw 10 of its levels.
You also visited: Ossuary.

You collected 372 gold pieces.
You spent 75 gold pieces at shops.

Inventory:

Hand Weapons
 s - a +2 rapier of speed
 v - a +1 shortbow of flaming
 w - a +1 dagger of venom
 z - a +7 flail of protection (weapon)
Missiles
 D - 133 arrows
Armour
 a - a +0 hat (worn)
 p - a +0 buckler
Jewellery
 d - a cursed ring of attention (left tentacle)
 f - a +3 ring of dexterity (right tentacle)
 y - a +3 ring of dexterity (on tentacle)
 G - a ring of stealth (on tentacle)
Wands
 r - a wand of polymorph (7)
 x - a wand of clouds (1)
 F - a wand of iceblast (10)
Scrolls
 e - a scroll of blinking
 i - a scroll of random uselessness
 j - 2 scrolls of fear
 l - 5 scrolls of remove curse
 o - 2 scrolls of enchant weapon
 q - 2 scrolls of amnesia
 t - 2 scrolls of teleportation
 A - a scroll of fog
 B - a scroll of magic mapping {unknown}
 C - 3 scrolls of enchant armour {unknown}
Potions
 b - 4 potions of lignification
 g - 4 potions of haste
 h - 2 potions of curing
 k - 2 potions of heal wounds
 m - a potion of mutation
 n - a potion of flight {unknown}
 u - 2 potions of agility {unknown}
Comestibles
 c - 20 rations


   Skills:
 - Level 2.0 Fighting
 - Level 4.0 Dodging
 - Level 5.4 Stealth
 * Level 1.5 Shields
 + Level 9.1 Spellcasting
 + Level 10.1 Conjurations
   Level 1.0 Summonings
 - Level 1.0 Translocations
 - Level 6.0 Invocations


You had 18 spell levels left.
You knew the following spells:

 Your Spells              Type           Power        Failure   Level  Hunger
a - Magic Dart            Conj           ####         1%          1    None
b - Mephitic Cloud        Conj/Pois/Air  ####....     4%          3    None
c - Blink                 Tloc           N/A          6%          2    None
d - Conjure Flame         Conj/Fire      #####...     2%          3    None

Your spell library contained the following spells:

 Spells                   Type           Power        Failure   Level  Hunger
 Call Imp                 Summ           ###.....     6%          2    None
 Slow                     Hex            ##......     9%          2    None


Dungeon Overview and Level Annotations

Branches:
Dungeon (9/15)             Temple (1/1) D:4         Ossuary (visited)
   Lair: D:8-11         Orc: D:9-12

Altars:
Cheibriados
Hepliaklqana
Kikubaaqudgha
Nemelex Xobeh
Qazlal
Ru
Sif Muna
Uskayaw
Wu Jian

Shops:
D:7 *   D:8 [

Annotations:
D:2 exclusion: adder
D:3 exclusion: downstairs
D:5 exclusion: 2 downstairs
D:7 exclusion: downstairs
D:8 exclusion: 2 downstairs


Innate Abilities, Weirdness & Mutations

You cannot wear most types of armour.
You are very stealthy in the water. (Stealth+)
You are amphibious.
You can wear up to eight rings at the same time.
You can use your tentacles to constrict eight enemies at once.
Your skin changes colour to match your surroundings (Stealth+).
Your rubbery body absorbs attacks. (AC +1, EV +1)


Message History

The yak bellows! x2
The yak gores you. The iguana bites you. The basilisk gazes at you.
You resist with some effort. The crocodile bites you! The yak gores you!
The iguana bites you!
* * * LOW HITPOINT WARNING * * *
The basilisk gazes at you. You resist with some effort.
The crocodile bites you.
* * * LOW HITPOINT WARNING * * *
The yak gores you!
* * * LOW HITPOINT WARNING * * *
The iguana bites you!
* * * LOW HITPOINT WARNING * * *
The basilisk gazes at you. You resist with some effort.
The crocodile bites you but does no damage.
The yak gores you!
* * * LOW HITPOINT WARNING * * *
The iguana bites you!
You die... ###### #....# #.YY.# #.@.Y# #lltY#

#sss..Y.
#Y..÷..♣..
.......P.
#.....P..P.
......PP.P.
#.##......P.


You could see 5 yaks, a basilisk, a crocodile, an ice beast, 3 scorpions and an
iguana.

Vanquished Creatures
  A two-headed ogre (D:8)
  Pikel (D:4)
  A hippogriff (D:7)
  Sigmund (D:2)
  Eustachio (D:4)
  Edmund (D:6)
  A water moccasin (D:8)
  Duvessa (D:7)
  2 porcupines (D:9)
  An orc warrior (D:6)
  2 sky beasts
  A phantom (D:7)
  A necrophage (D:6)
  2 slaves (D:4)
  3 ogres
  14 centaurs
  A crocodile (D:8)
  3 big kobolds
  5 bullfrogs
  Dowan (D:7)
  A water moccasin zombie (D:7)
  A scorpion (D:5)
  3 howler monkeys
  4 crimson imps
  A centaur zombie (D:8)
  A quasit (D:5)
  Crazy Yiuf (D:4)
  4 hounds
  An orc priest (D:6)
  A bullfrog skeleton (D:5)
  4 iguanas
  A centaur skeleton (D:6)
  6 worker ants
  5 orc wizards
  A killer bee zombie (D:6)
  A hound zombie (D:6)
  4 mummies
  10 gnolls
  A howler monkey zombie (D:6)
  9 adders
  A shadow imp (D:6)
  An ooze (D:5)
  3 adder zombies (Ossuary)
  An adder skeleton (D:4)
  2 worms (D:4)
  3 dart slugs
  12 leopard geckos
  23 orcs
  9 giant cockroaches
  10 goblins
  7 hobgoblins
  24 jackals
  2 quokkas
  A ball python (D:3)
  12 bats
  3 frilled lizards
  A gnoll zombie (Ossuary)
  3 goblin zombies
  3 hobgoblin zombies (Ossuary)
  23 kobolds
  A leopard gecko zombie (D:7)
  An orc zombie (D:7)
  4 quokka zombies
  7 rats
  6 rat zombies (Ossuary)
267 creatures vanquished.

Vanquished Creatures (others)
  2 slaves (D:4)
  A leopard gecko (D:4)
  A kobold (D:8)
  3 fungi (D:4)
7 creatures vanquished.

Grand Total: 274 creatures vanquished

Notes
Turn   | Place    | Note
-------+----------+-------------------------------------------
     0 | D:1      | Atelerd the Octopode Wizard began the quest for the Orb.
     0 | D:1      | Reached XP level 1. HP: 11/11 MP: 4/4
   324 | D:1      | Reached XP level 2. HP: 13/17 MP: 0/6
   397 | D:1      | Reached skill level 2 in Conjurations
   546 | D:1      | Reached XP level 3. HP: 17/21 MP: 0/7
   551 | D:1      | Learned a level 3 spell: Mephitic Cloud
  1595 | D:2      | Reached skill level 3 in Conjurations
  2022 | D:2      | Reached XP level 4. HP: 27/27 MP: 1/9
  2195 | D:2      | Found a sparkling altar of Nemelex Xobeh.
  2260 | D:2      | Noticed Sigmund
  2468 | D:2      | Killed Sigmund
  2468 | D:2      | Reached skill level 4 in Conjurations
  2468 | D:2      | Reached XP level 5. HP: 33/34 MP: 3/11
  2468 | D:2      | Reached XP level 6. HP: 38/39 MP: 3/12
  2946 | D:3      | Learned a level 3 spell: Conjure Flame
  2981 | D:3      | Learned a level 2 spell: Blink
  3548 | D:3      | Reached skill level 5 in Conjurations
  3785 | D:4      | Found a staircase to the Ecumenical Temple.
  3803 | Temple   | Entered the Ecumenical Temple
  3839 | Temple   | Became a worshipper of Sif Muna the Loreminder
  3968 | D:4      | Noticed a slave
  3968 | D:4      | Noticed a slave
  3970 | D:4      | Noticed Pikel
  3973 | D:4      | Noticed a slave
  3975 | D:4      | Killed a slave
  3979 | D:4      | Killed a slave
  3979 | D:4      | Noticed a slave
  4410 | D:4      | Killed Pikel
  4410 | D:4      | Reached skill level 5 in Spellcasting
  4410 | D:4      | Reached skill level 6 in Conjurations
  4410 | D:4      | Reached XP level 7. HP: 33/45 MP: 4/14
  4410 | D:4      | Reached XP level 8. HP: 36/50 MP: 4/15
  4646 | D:4      | Noticed Eustachio
  4650 | D:4      | Killed Eustachio
  5223 | D:4      | Found a runed translucent door.
  5224 | D:4      | Noticed Crazy Yiuf
  5411 | D:4      | Killed Crazy Yiuf
  5587 | D:5      | Entered Level 5 of the Dungeon
  5669 | D:5      | Noticed Grinder
  5670 | D:5      | Paralysed by Grinder for 3 turns
  5677 | D:5      | Noticed Grinder
  5677 | D:5      | Grinder changed into Grinder the quasit
  5685 | D:5      | Killed Grinder the quasit
  5905 | D:5      | Reached skill level 7 in Conjurations
  6775 | D:5      | Reached XP level 9. HP: 33/54 MP: 10/19
  7515 | D:6      | Reached skill level 8 in Conjurations
  7941 | D:5      | Reached * piety under Sif Muna
  9178 | D:6      | Noticed Edmund
  9388 | D:6      | Killed Edmund
  9548 | D:6      | Reached skill level 9 in Conjurations
 10509 | D:7      | Reached XP level 10. HP: 44/60 MP: 18/22
 10616 | D:7      | Found Yningen's Island Escapes.
 10630 | D:7      | Bought a scroll of blinking for 75 gold pieces
 10649 | D:7      | Reached ** piety under Sif Muna
 10760 | D:7      | Noticed Dowan
 10867 | D:7      | Noticed Duvessa
 10878 | D:7      | Killed Duvessa
 10893 | D:7      | Killed Dowan
 10893 | D:7      | Reached skill level 5 in Invocations
 10942 | D:7      | Found a sand-covered staircase.
 10993 | Ossuary  | Entered an ossuary
 12031 | D:8      | Found Watylitekk's Armour Shoppe.
 12034 | D:8      | Noticed a two-headed ogre
 12348 | D:8      | Reached *** piety under Sif Muna
 12484 | D:8      | Found an ornate altar of the Wu Jian Council.
 12491 | D:8      | Killed a two-headed ogre
 12491 | D:8      | Reached skill level 5 in Stealth
 13041 | D:8      | Found a snail-covered altar of Cheibriados.
 13048 | D:8      | Reached skill level 10 in Conjurations
 13138 | D:8      | Found a stormy altar of Qazlal.
 13139 | D:8      | Found a hazy altar of Hepliaklqana.
 13434 | D:9      | Reached skill level 1 in Shields
 13531 | D:9      | Noticed a two-headed ogre
 13986 | D:9      | HP: 3/60 [yak (4)]
 13986 | D:9      | Slain by an iguana

Levels and vault maps discovered:
D:1:      lemuel_arrival_muddy, layout_basic
D:2:      layout_rooms, nemelex_xobeh_ov_fountains_minmay, uniq_sigmund
D:3:      layout_basic
D:4:      layout_loops_ring, minmay_temple_entry_trees, first_ration,
          uniq_eustachio, uniq_pikel, uniq_crazy_yiuf_cottage
D:5:      layout_loops_corners, uniq_grinder
D:6:      layout_basic, uniq_edmund
D:7:      layout_basic, nicolae_ossuary_entry_giza, grunt_ogre_cave,
          nicolae_island_escapes, uniq_duvessa
D:8:      layout_cave_pools, nicolae_overflow_hidden_temple,
          gammafunk_temple_overflow_statue, serial_shops, nicolae_shop_crystal,
          lemuel_centaur_altar
D:9:      layout_rooms, minmay_lair_entry_grove, gammafunk_ghost_hydra_chop,
          basic_altar, uniq_grum, uniq_erolcha
Temple:   dpeg_five_rooms_temple

Skill      XL: |  1  2  3  4  5  6  7  8  9 10 |
---------------+-------------------------------+-----
Conjurations   | 2 3 4 6 7 9 10 | 10.1
Fighting       | 2 |  2.0
Spellcasting   | 4 5 6 8 9 |  9.1
Invocations    | 3 4 6 |  6.0
Stealth        | 3 5 |  5.4
Dodging        | 4 |  4.0
Shields        | 1 |  1.5
Summonings     | |  1.0
Translocations | |  1.0

Action                   |  1- 3 |  4- 6 |  7- 9 | 10-12 || total
-------------------------+-------+-------+-------+-------++-------
Melee: Unarmed           |    14 |       |       |       ||    14
       Constrict         |    12 |    19 |    31 |    23 ||    85
       Dagger            |    31 |    59 |    29 |       ||   119
       Tentacles         |     8 |     9 |    25 |    22 ||    64
       Rapier            |       |       |    69 |       ||    69
       Flail             |       |       |    34 |   106 ||   140
 Cast: Magic Dart        |    62 |    95 |   173 |   112 ||   442
       Mephitic Cloud    |     2 |    10 |    45 |    30 ||    87
       Conjure Flame     |       |     4 |    22 |    19 ||    45
       Blink             |       |       |    13 |     3 ||    16
Evoke: Wand              |       |       |     2 |     1 ||     3
  Use: Scroll            |       |     2 |     3 |     7 ||    12
       Potion            |       |       |     3 |     1 ||     4
 Stab: Sleeping          |     1 |     1 |     3 |     2 ||     7
       Confused          |       |     6 |    12 |     4 ||    22
       Distracted        |       |     1 |       |       ||     1
  Eat: Chunk             |     2 |     8 |    11 |     6 ||    27
       Ration            |       |       |     3 |     1 ||     4
Armor: Skin              |     6 |    10 |    11 |    20 ||    47
Dodge: Dodged            |    36 |    42 |    93 |    81 ||   252
